AoeStats
← KK

Arena

506801919Analyzed
4v4 RM · 18d ago on Sep 15, 2026· 49m 8s· 8 players
Game mode
Random Map
Map size
Large (8 player)
Population
200
Speed
Normal
Resources
Standard
Victory
Conquest
Starting age
Dark Age
Ending age
Imperial Age
RankedLock teamsTeams togetherTeam positionsShared explorationLock speedFull tech treeHidden civsTurbo modeCheats
Victory
Defeat
🇨🇳 Mongols · China
1554
+16
🇺🇸 Turks · United States
1527
+17
🇹🇷 Persians · Türkiye
1511
+18
🇨🇳 Chinese · China
1509
+18
🇹🇼 Ethiopians · Taiwan
1710
-23
🇨🇳 Slavs · China
1563
-18
🇹🇷 Persians · Türkiye
1542
-17
🇨🇳 Celts · China
1388
-11
WIZ
10:08 Feudal Age
10:15 Loom
14:10 Castle Age
12:23 Double-Bit Axe
13:07 Horse Collar
21:35 Padded Archer Armor
23:14 Gold Mining
24:44 Leather Archer Armor
27:34 Gold Shaft Mining
28:34 Heavy Plow
31:53 Imperial Age
30:40 Wheelbarrow
31:59 Elite Janissary
35:11 Ring Archer Armor
40:03 Scale Barding Armor
40:09 Forging
40:11 Bloodlines
41:12 Fortified Wall
41:15 Husbandry
41:37 Chain Barding Armor
42:20 Iron Casting
42:55 Masonry
44:16 Conscription
KK
0:26 Loom
10:36 Feudal Age
14:22 Castle Age
14:21 Double-Bit Axe
14:17 Horse Collar
15:23 Bow Saw
22:58 Wheelbarrow
23:10 Town Watch
27:38 Imperial Age
26:19 Fletching
26:57 Bodkin Arrow
27:26 Hand Cart
28:07 Padded Archer Armor
29:36 Chemistry
28:57 Ballistics
28:39 Bracer
29:25 Leather Archer Armor
29:34 Masonry
29:38 Fortified Wall
29:58 Conscription
30:42 Two-Man Saw
30:05 Gold Mining
30:06 Stone Mining
31:33 Ring Archer Armor
31:43 Elite Chu Ko Nu
34:15 Scale Mail Armor
34:25 Forging
35:48 Gold Shaft Mining
35:49 Stone Shaft Mining
34:40 Elite Chu Ko Nu
35:41 Rocketry
37:51 Thumb Ring
38:40 Crossbowman
40:44 Architecture
40:24 Heavy Scorpion
41:26 Heavy Plow
42:29 Scale Barding Armor
42:40 Chain Mail Armor
43:00 Iron Casting
42:57 Great Wall
43:21 Caravan
43:52 Coinage
45:25 Chain Barding Armor
46:13 Husbandry
46:23 Bloodlines
45:34 Light Cavalry
ValerioN__
9:43 Feudal Age
13:15 Castle Age
11:43 Double-Bit Axe
11:38 Horse Collar
11:52 Horse Collar
15:24 Bow Saw
17:57 Heavy Plow
22:03 Wheelbarrow
23:34 Stone Mining
25:10 Gold Mining
29:30 Imperial Age
27:20 Scale Barding Armor
27:56 Hand Cart
27:27 Loom
28:04 Forging
28:49 Chain Barding Armor
29:52 Iron Casting
29:45 Devotion
30:28 Conscription
29:40 Elite War Elephant
31:59 Plate Barding Armor
32:25 Blast Furnace
31:28 Husbandry
31:38 Bloodlines
33:36 Coinage
35:08 Banking
34:54 Fletching
35:19 Masonry
36:13 Caravan
36:56 Faith
37:47 Architecture
37:15 Bodkin Arrow
40:10 Chemistry
44:53 Two-Man Saw
第一滴血
10:08 Feudal Age
13:50 Castle Age
11:48 Double-Bit Axe
11:44 Horse Collar
15:26 Wheelbarrow
23:21 Hand Cart
24:29 Bow Saw
24:54 Gold Mining
25:49 Masonry
28:52 Imperial Age
26:44 Fletching
27:06 Stone Mining
27:52 Gold Shaft Mining
27:20 Bodkin Arrow
27:23 Loom
27:48 Padded Archer Armor
28:30 Ballistics
28:50 Stone Shaft Mining
28:41 Heavy Plow
28:56 Husbandry
29:06 Bloodlines
29:05 Thumb Ring
30:40 Chemistry
30:32 Conscription
30:20 Bracer
31:34 Parthian Tactics
31:25 Leather Archer Armor
31:45 Elite Mangudai
34:23 Onager
38:04 Capped Ram
38:06 Siege Onager
38:52 Caravan
40:10 Siege Ram
41:53 Siege Engineers
45:07 Drill
YanShiba
10:45 Feudal Age
11:57 Double-Bit Axe
14:40 Castle Age
13:19 Fletching
13:39 Gold Mining
14:51 Crossbowman
16:40 Town Watch
16:42 Loom
17:42 Bodkin Arrow
21:54 Bow Saw
26:26 Horse Collar
28:20 Wheelbarrow
28:50 Padded Archer Armor
32:03 Imperial Age
30:02 Fortified Wall
31:29 Ballistics
32:48 Bracer
33:50 Chemistry
32:18 Arbalester
33:37 Leather Archer Armor
33:57 Thumb Ring
34:52 Hand Cart
35:07 Heavy Plow
35:57 Ring Archer Armor
37:32 Conscription
38:58 Gold Shaft Mining
38:19 Elite Skirmisher
40:07 Siege Engineers
40:44 Torsion Engines
40:40 Capped Ram
46:16 Caravan
45:47 Siege Ram
huangtmc
10:33 Feudal Age
14:53 Castle Age
13:12 Double-Bit Axe
14:29 Loom
15:23 Wheelbarrow
14:33 Town Watch
15:29 Wheelbarrow
14:52 Horse Collar
15:28 Stone Mining
15:29 Gold Mining
16:43 Bow Saw
17:29 Man-at-Arms
19:16 Scale Mail Armor
19:32 Gambesons
20:58 Chain Mail Armor
21:42 Forging
21:55 Long Swordsman
24:54 Gold Shaft Mining
25:13 Arson
28:29 Iron Casting
30:17 Stone Shaft Mining
31:08 Heavy Plow
34:22 Pikeman
37:15 Fortified Wall
42:00 Imperial Age
40:40 Hand Cart
43:43 Conscription
43:37 Furor Celtica
42:50 Onager
45:24 Plate Mail Armor
45:55 Blast Furnace
45:17 Halberdier
48:10 Siege Onager
下次一定
10:31 Feudal Age
11:44 Double-Bit Axe
14:02 Castle Age
12:22 Horse Collar
14:50 Bow Saw
20:11 Wheelbarrow
20:43 Loom
22:03 Stone Mining
22:03 Gold Mining
22:24 Heavy Plow
23:03 Hand Cart
27:09 Imperial Age
24:43 Loom
25:49 Gold Shaft Mining
26:38 Scale Barding Armor
26:43 Forging
26:35 Town Watch
27:19 Bloodlines
27:10 Husbandry
26:45 Cavalier
27:51 Chain Barding Armor
29:00 Conscription
28:10 Savar
30:10 Plate Barding Armor
31:04 Scale Mail Armor
31:50 Iron Casting
30:57 Pikeman
32:35 Squires
32:20 Arson
33:37 Blast Furnace
33:08 Halberdier
33:52 Scale Mail Armor
35:30 Chain Mail Armor
35:21 Fletching
36:36 Chemistry
36:41 Plate Mail Armor
36:03 Fletching
37:33 Citadels
37:35 Careening
37:24 Murder Holes
39:12 Two-Man Saw
38:45 Ballistics
38:36 Masonry
39:27 Bodkin Arrow
40:03 Citadels
41:16 Architecture
郁离
10:06 Feudal Age
14:11 Castle Age
12:24 Double-Bit Axe
12:44 Horse Collar
14:22 Wheelbarrow
16:06 Bow Saw
22:25 Hand Cart
23:11 Gold Mining
25:22 Gold Shaft Mining
28:16 Imperial Age
25:49 Stone Mining
26:07 Loom
27:39 Heavy Plow
27:48 Town Watch
28:15 Scale Barding Armor
28:20 Forging
28:27 Bloodlines
28:18 Husbandry
28:19 Detinets
28:25 Elite Boyar
29:26 Conscription
29:57 Chain Barding Armor
31:27 Plate Barding Armor
31:28 Iron Casting
37:21 Two-Man Saw
36:35 Onager
38:04 Siege Onager
38:44 Capped Ram
40:08 Siege Ram
45:25 Light Cavalry
46:26 Hussar
Connection lost

Rejoining the realm…

Still unreachable

The connection could not be restored.

Session expired

The server has moved on; the page needs a fresh start.